cohdb
Replays
Latest Replays
All Replays
Popular Replays
Top Player Replays
Match Explorer
How It Works
Community
CoH3 Stats
Reddit
Sign in to upload your games and track your stats! →
Sign in with Steam
Match 44111987
Unlisted
Match 44111987
Overview
Messages
Build Orders
End
Vickers Machine Gun Team
Construct Section Command Post
Selects Canadian Shock Battlegroup
Infantry Section
Royal Engineer Section
Selects Attacking Spirit
Selects Canadian Shock Section
Canadian Shock Section
Construct Platoon Command Post
Canadian Shock Section
CMP 15cwt Truck
Forward Retreat Point
Selects Incendiary Munitions
Selects Pyrotechnics
Construct Company Command Post
Unlock M3 Grant Medium Tanks
Selects Demolition Engineering
Otter
HulkSMASH
Damacles
ckdgus813
月夜笑猫
rat.tat
Nebelwerfer
就TM你叫夏洛啊
0
0
Comments
sign in to comment!
No comments posted yet!